 Dungeon Crawl Stone Soup version 0.25-a0-156-g0c4bda3fdf (webtiles) character file.

Game seed: 17480138716209510625, levelgen mode: deterministic

140 Leeroy the Slasher (level 5, -7/41 HPs)
             Began as a Draconian Skald on Nov 20, 2019.
             Mangled by a gnoll
             ... wielding a +0 spear
              (10 damage)
             ... on level 3 of the Dungeon.
             The game lasted 00:04:42 (2779 turns).

Leeroy the Slasher (Draconian Skald)                Turns: 2779, Time: 00:04:43

Health: -7/41      AC:  5    Str: 13    XL:     5   Next: 2%
Magic:  5/8        EV: 12    Int: 13    God:
Gold:   57         SH:  0    Dex: 12    Spells: 4/8 levels left

rFire    . . .     SeeInvis .   w - +0 long sword (holy)
rCold    . . .     Gourm    .   (no shield)
rNeg     . . .     Faith    .   (armour unavailable)
rPois    .         Spirit   .   (helmet restricted)
rElec    .         Reflect  .   (no cloak)
rCorr    .         Harm     .   (no gloves)
MR       .....                  (no boots)
Stlth    +.........             (no amulet)
HPRegen  0.13/turn              (no ring)
MPRegen  0.11/turn              (no ring)

@: no status effects
A: unfitting armour, cold-blooded, AC +5
a: no special abilities


You were on level 3 of the Dungeon.
You were not hungry.

You visited 1 branch of the dungeon, and saw 3 of its levels.

You collected 57 gold pieces.

Inventory:

Hand Weapons
 a - a +0 falchion
 j - a cursed -1 dagger
 n - a +1 dagger of venom
 w - a +0 long sword of holy wrath (weapon)
Missiles
 g - 155 stones (quivered)
Jewellery
 l - an uncursed amulet of rage {unknown}
 r - a +3 ring of intelligence {unknown}
Scrolls
 d - a scroll of fear {unknown}
 f - a scroll of immolation {unknown}
 k - a scroll of remove curse {unknown}
 m - 2 scrolls of magic mapping {unknown}
 o - a scroll of amnesia {unknown}
 q - a scroll of enchant weapon {unknown}
 s - 3 scrolls of identify {unknown}
 v - a scroll of noise {unknown}
 x - a scroll of enchant armour {unknown}
 y - a scroll of teleportation {unknown}
Potions
 b - 4 potions of haste {unknown}
 e - 3 potions of curing {unknown}
 h - a potion of resistance {unknown}
 i - 3 potions of heal wounds {unknown}
 p - 2 potions of mutation {unknown}
 t - a potion of magic {unknown}
 u - a potion of might {unknown}
Comestibles
 c - 5 rations
 z - a chunk of flesh


   Skills:
 - Level 2.1 Fighting
 - Level 5.0 Long Blades
 - Level 2.1 Dodging
 - Level 2.0 Spellcasting
 + Level 1.0 Hexes
 - Level 2.6 Charms


You had 4 spell levels left.
You knew the following spells:

 Your Spells              Type           Power        Failure   Level  Hunger
a - Infusion              Chrm           #...         9%          1    ##.....
b - Spectral Weapon       Hex/Chrm       #.......     34%         3    ####...

Your spell library contained the following spells:

 Spells                   Type           Power        Failure   Level  Hunger
 Song of Slaying          Chrm           #.......     13%         2    ###....
 Shroud of Golubria       Chrm/Tloc      #.....       22%         2    ###....
 Regeneration             Chrm/Necr      #.........   41%         3    ####...


Dungeon Overview and Level Annotations

Branches:
Dungeon (3/15)

Altars:
Cheibriados
Dithmenos
Nemelex Xobeh

Annotations:
D:3 1 transporter


Innate Abilities, Weirdness & Mutations

Your plain brown scales are hard. (AC +5)
You cannot fit into any form of body armour.
You are cold-blooded and may be slowed by cold attacks.


Message History

Your spectral weapon hits the gnoll!
You kill the gnoll!
Your Hexes skill increases to level 1!
You have reached level 5!
The gnoll hits you from afar with a +0 spear.
The gnoll hits you with a +0 spear!
* * * LOW HITPOINT WARNING * * *
You hit the gnoll.
The gnoll is moderately wounded.
Your spectral weapon barely misses the gnoll.
The gnoll hits you with a +0 spear.
* * * LOW HITPOINT WARNING * * *
You barely miss the gnoll.
The gnoll is moderately wounded.
Your spectral weapon fades away.
The gnoll barely misses you.
A goblin comes into view. It is wielding a -2 dagger.
A gnoll comes into view.
The gnoll hits you from afar with a +0 spear!
You die...

##'#### #.##.##
##.....#####
...........####
####†..#......#
........#..##.###
##..............#
#####.####.##.#.########
# #.# #.##.g.@......# #
#.# #.####.######.# #.#
#.# #.# #.# #.# #.# #.#
#.#.......# #.
#.#.......# #.#.......#
#..g$.g... #.......#..


You could see a gnoll and a goblin (wandering).

Vanquished Creatures
  2 adders (D:2)
  5 gnolls
  3 oozes (D:1)
  3 worms (D:2)
  3 dart slugs
  8 bats
  A giant cockroach (D:2)
  7 hobgoblins
  2 ball pythons
  2 frilled lizards (D:1)
  5 goblins
  5 kobolds
  6 rats
52 creatures vanquished.

Notes
Turn   | Place    | Note
-------+----------+-------------------------------------------
     0 | D:1      | Leeroy the Draconian Skald began the quest for the Orb.
     0 | D:1      | Reached XP level 1. HP: 17/17 MP: 3/3
   272 | D:1      | Reached XP level 2. HP: 22/24 MP: 5/5
   282 | D:1      | Reached skill level 3 in Long Blades
   636 | D:1      | Reached XP level 3. HP: 18/29 MP: 6/6
   817 | D:2      | Found a shadowy altar of Dithmenos.
   845 | D:1      | Learned a level 3 spell: Spectral Weapon
   924 | D:1      | Reached skill level 4 in Long Blades
  1017 | D:1      | HP: 1/29 [gnoll/+0 club (1)]
  1464 | D:2      | Reached XP level 4. HP: 19/36 MP: 7/7
  2178 | D:2      | Reached skill level 5 in Long Blades
  2725 | D:3      | Found a sparkling altar of Nemelex Xobeh.
  2726 | D:3      | Found a transporter.
  2726 | D:3      | Noticed a centaur
  2727 | D:3      | Noticed a centaur
  2757 | D:3      | Found a snail-covered altar of Cheibriados.
  2775 | D:3      | Reached skill level 1 in Hexes
  2775 | D:3      | Reached XP level 5. HP: 19/41 MP: 5/8
  2777 | D:3      | HP: 2/41 [gnoll/+0 spear (5)]
  2779 | D:3      | Mangled by a gnoll

Levels and vault maps discovered:
D:1:      wheals_arrival_shading, layout_basic
D:2:      layout_basic, grunt_dithmenos_smoke_and_mirrors, minmay_circle_x
D:3:      layout_loops_ring, grunt_temple_overflow_open,
          grunt_nemelex_the_gamble

Skill      XL: |  1  2  3  4 |
---------------+-------------+-----
Long Blades    | 3 4 5 |  5.0
Hexes          | 1 |  1.0
Fighting       | |  2.1
Dodging        | |  2.1
Spellcasting   | |  2.0
Charms         | |  2.6

Action                   |  1- 3 |  4- 6 || total
-------------------------+-------+-------++-------
Melee: Falchion          |    74 |    62 ||   136
       Tailslap          |     8 |    10 ||    18
       Long sword        |       |    13 ||    13
Throw: Stone             |       |     5 ||     5
 Cast: Infusion          |     3 |     5 ||     8
       Spectral Weapon   |       |     1 ||     1
  Eat: Chunk             |     1 |     5 ||     6
Armor: Skin              |    32 |    23 ||    55
Dodge: Dodged            |    66 |    70 ||   136
       Rpst.: Falchion   |    20 |    21 ||    41
       Long sword        |       |     3 ||     3

Table legend:
 A = Non-vault XP
 B = Vault XP
 C = Vault XP percentage of total XP
 D = Non-vault monster count
 E = Vault monster count
 F = Vault count percentage of total count
                 A         B        C        D         E       F
            +---------+---------+-------+---------+---------+-------
      Total |     178 |      23 |  11.4 |      44 |       8 |  15.4
            +---------+---------+-------+---------+---------+-------
        D:1 |      90 |       4 |   4.3 |      24 |       2 |   7.7
        D:2 |      64 |      19 |  22.9 |      14 |       6 |  30.0
        D:3 |      24 |       0 |   0.0 |       6 |       0 |   0.0
            +---------+---------+-------+---------+---------+-------
